 Dungeon Crawl Stone Soup version 0.20.0-7-g3b7b877 (webtiles) character file.

270 McKennaii the Skirmisher (level 6, 0/49 HPs)
             Began as a Demonspawn Abyssal Knight on May 29, 2017.
             Was a Believer of Lugonu.
             Slain by a worker ant (5 damage)
             ... on level 4 of the Dungeon.
             The game lasted 00:04:00 (3067 turns).

McKennaii the Skirmisher (DsAK)                     Turns: 3067, Time: 00:04:01

Health: 0/49       AC:  3    Str: 12    XL:     6   Next: 1%
Magic:  8/8        EV: 12    Int: 13    God:    Lugonu [**....]
Gold:   136        SH:  0    Dex: 15    Spells: 5/5 levels left

rFire    . . .     SeeInvis .   a - +1 hand axe
rCold    . . .     Gourm    .   (no shield)
rNeg     . . .     Faith    .   b - +0 leather armour
rPois    .         Spirit   .   (helmet restricted)
rElec    .         Reflect  .   (no cloak)
rCorr    .         Harm     .   (no gloves)
MR       .....                  (no boots)
Stlth    +++.......             (no amulet)
Regen    0.2/turn               (no ring)
MPRegen  0.2/turn               (no ring)

@: no status effects
A: antennae 2, nightstalker 1
a: Depart the Abyss, Bend Space, Renounce Religion


You were on level 4 of the Dungeon.
You worshipped Lugonu.
Lugonu was pleased with you.
You were very hungry.

You visited 1 branch of the dungeon, and saw 4 of its levels.
You visited the Abyss 1 time.

You collected 136 gold pieces.

Inventory:

Hand Weapons
 a - a +1 hand axe (weapon)
Armour
 b - a +0 leather armour (worn)
Jewellery
 j - an uncursed amulet of magic regeneration {unknown}
 k - a +3 ring of evasion {unknown}
Scrolls
 d - a scroll of enchant weapon {unknown}
 f - 7 scrolls of identify {unknown}
 h - 6 scrolls of remove curse {unknown}
 i - a scroll of noise {unknown}
 p - a scroll of blinking {unknown}
Potions
 e - 3 potions of flight {unknown}
 m - a potion of mutation {unknown}
 n - a potion of might {unknown}
 o - a potion of cancellation {unknown}
Comestibles
 c - 5 bread rations
 g - 2 meat rations


   Skills:
 + Level 4.4 Fighting
 + Level 3.3 Axes
 + Level 3.0 Armour
 + Level 1.8 Dodging
 + Level 1.2 Stealth
 + Level 2.9 Invocations


You had 5 spell levels left.
You didn't know any spells.

Dungeon Overview and Level Annotations

Branches:
Dungeon (4/15)
 Temple: D:4-7

Altars:
Gozag
Hepliaklqana


Innate Abilities, Weirdness & Mutations

You have a pair of antennae on your head.
You are slightly more attuned to the shadows.


Message History

The worker ant misses you.
You hit the worker ant but do no damage.
The worker ant is lightly wounded.
The worker ant barely misses you.
You feel better. The worker ant bites you.
* * * LOW HITPOINT WARNING * * *
You hit the worker ant.
The worker ant is moderately wounded.
The worker ant misses you. The worker ant bites you.
* * * LOW HITPOINT WARNING * * *
You hit the worker ant.
The worker ant is severely wounded.
The worker ant completely misses you.
You hit the worker ant but do no damage.
The worker ant is severely wounded.
The worker ant barely misses you.
You hit the worker ant but do no damage.
The worker ant is severely wounded.
The worker ant barely misses you. The worker ant bites you.
You die...

####...#.#..... ...#
#.......#
#.........#.#.######
#.......#
#...............#
###.....#
#..........<....####
#.#..#.#
##.#...###.........
...#...# #.#...#
#.#....... ...#.##
#.#...###......# # #
#.##.##........##.##.#
#.##.####.#@......#
#.##.# #.#a##.....
#....# #.[.!..##.
####.# ###.##..... #.#
#.# ##.# #.# #.# #.#
..# ... .#. .. .. .


You could see a worker ant.

Vanquished Creatures
  A howler monkey (D:4)
  A hound (D:4)
  An orc wizard (D:4)
  A worker ant (D:4)
  5 adders
  A white imp (Abyss:1)
  2 oozes
  2 adder skeletons
  4 dart slugs
  2 worms
  3 leopard geckos
  4 orcs
  A ball python (D:3)
  7 bats
  4 giant cockroaches
  6 hobgoblins
  2 jackals (D:3)
  7 kobolds
  A quokka (D:2)
  10 frilled lizards
  5 goblins
  6 rats
76 creatures vanquished.

Notes
Turn   | Place    | Note
-------+----------+-------------------------------------------
     0 | Abyss:1  | McKennaii the Demonspawn Abyssal Knight began the quest for the Orb.
     0 | Abyss:1  | Reached XP level 1. HP: 18/18 MP: 2/2
    24 | Abyss:1  | Noticed a worldbinder
    25 | Abyss:1  | Noticed a blink frog
    25 | D:1      | Escaped the Abyss
    68 | D:1      | Gained mutation: You have a pair of small antennae on your head. [demonic ancestry]
    68 | D:1      | Reached XP level 2. HP: 20/24 MP: 4/4
   147 | D:1      | Reached skill level 1 in Dodging
   181 | D:1      | Reached * piety under Lugonu
   371 | D:1      | Gained mutation: You have a pair of antennae on your head. [demonic ancestry]
   371 | D:1      | Reached XP level 3. HP: 26/29 MP: 5/5
   384 | D:2      | Found a hazy altar of Hepliaklqana.
   614 | D:2      | HP: 1/30 [adder (3)]
   616 | D:2      | Reached skill level 4 in Fighting
  1069 | D:2      | Reached XP level 4. HP: 36/37 MP: 6/6
  1339 | D:3      | Found an opulent altar of Gozag.
  2327 | D:3      | Reached ** piety under Lugonu
  2509 | D:4      | Gained mutation: You are slightly more attuned to the shadows. [demonic ancestry]
  2509 | D:4      | Reached XP level 5. HP: 31/42 MP: 7/7
  2673 | D:4      | Reached skill level 1 in Stealth
  3050 | D:4      | Reached XP level 6. HP: 16/49 MP: 8/8
  3052 | D:4      | HP: 2/49 [worker ant (4)]
  3067 | D:4      | Slain by a worker ant

Skill      XL: |  1  2  3  4  5 |
---------------+----------------+-----
Armour         | 2 3 |  3.0
Dodging        | 1 |  1.8
Axes           | 2 3 |  3.3
Fighting       | 4 |  4.4
Stealth        | 1 |  1.2
Invocations    | |  2.9

Action                   |  1- 3 |  4- 6 || total
-------------------------+-------+-------++-------
Melee: Hand axe          |    87 |   165 ||   252
Invok: Depart the Abyss  |     1 |       ||     1
  Use: Potion            |     1 |     2 ||     3
 Stab: Sleeping          |       |     2 ||     2
  Eat: Chunk             |       |     6 ||     6
Armor: Leather armour    |    18 |    39 ||    57
Dodge: Dodged            |    64 |    95 ||   159
